 Dungeon Crawl Stone Soup version 0.24-a0-446-g87df7205b4 (console) character file.

Game seed: 2331345391353666984

85479 jeroenos the Peltast (level 15, -9/118 HPs)
             Began as a Demonspawn Fighter on June 23, 2019.
             Was the Champion of Okawaru.
             Mangled by a wolf spider (16 damage)
             ... on level 3 of the Spider Nest.
             The game lasted 01:01:15 (19829 turns).

jeroenos the Peltast (Demonspawn Fighter)          Turns: 19829, Time: 01:01:16

Health: -9/118     AC: 15    Str: 30    XL:     15   Next: 38%
Magic:  24/24      EV:  6    Int: 20    God:    Okawaru [******]
Gold:   1155       SH: 36    Dex: 17    Spells: 13/14 levels left

rFire    . . .     SeeInvis +   x - +10 long sword {flame, Str+2 Int+3}
rCold    . . .     Gourm    .   E - +2 large shield "Ewup" {rN+ Int+3}
rNeg     + . .     Faith    .   v - +0 chain mail of Cheibriados's Esteem {rElec Int+2 Dex+4}
rPois    +         Spirit   .   (no helmet)
rElec    +         Reflect  +   w - +2 cloak {rPois}
rCorr    .         Harm     .   Y - +2 pair of gloves {archery}
MR       +....                  (boots unavailable)
Stlth    ..........             J - +6 amulet of reflection
HPRegen  0.29/turn              m - +6 ring of strength
MPRegen  0.19/turn              O - ring of see invisible

@: lethally poisoned (-9 -> -15)
A: talons 3, large bone plates 2, high mp 1, nightstalker 1, powered by pain 2,
strong 1, augmentation 1
a: Heroism, Finesse, Renounce Religion


You were on level 3 of the Spider Nest.
You worshipped Okawaru.
Okawaru was exalted by your worship.
You were not hungry.

You visited 3 branches of the dungeon, and saw 18 of its levels.
You also visited: Ossuary and Volcano.

You collected 1209 gold pieces.
You spent 54 gold pieces at shops.

Inventory:

Hand Weapons
 b - the +10 hand axe "Locaor" {protect, MR+ Dex+3}
   (You found it on level 2 of the Lair of Beasts)

   It grants its wielder temporary protection when it strikes (+7 to AC).
   It affects your dexterity (+3).
   It affects your resistance to hostile enchantments.
 x - the +10 long sword of Watchfulness (weapon) {flame, Str+2 Int+3}
   (You found it on level 6 of the Dungeon)

   It has been specially enchanted to burn those struck by it, causing extra
   injury to most foes and up to half again as much damage against particularly
   susceptible opponents.
   Big, fiery blades are also staple armaments of hydra-hunters.
   It affects your strength (+2).
   It affects your intelligence (+3).
Missiles
 N - 5 silver javelins
 R - 6 boomerangs (quivered)
Armour
 v - the +0 chain mail of Cheibriados's Esteem (worn) {rElec Int+2 Dex+4}
   (You found it on level 5 of the Dungeon)

   It affects your intelligence (+2).
   It affects your dexterity (+4).
   It insulates you from electricity.
 w - a +2 cloak of poison resistance (worn)
 E - the +2 large shield "Ewup" (worn) {rN+ Int+3}
   (You acquired it in an ossuary)

   It affects your intelligence (+3).
   It protects you from negative energy.
 K - a scarf of cloud immunity
 L - the +5 cloak "Boxul" {rElec rN+ Dex-4}
   (You acquired it on level 2 of the Lair of Beasts)

   It affects your dexterity (-4).
   It insulates you from electricity.
   It protects you from negative energy.
 M - a +1 shield of protection
 S - a +2 shield of fire resistance
 V - a scarf of repulsion
 W - a +0 cloak of fire resistance
 Y - a +2 pair of gloves of archery (worn)
Magical Staves
 u - an uncursed staff of wizardry
Jewellery
 c - a +5 ring of intelligence
 m - a +6 ring of strength (left hand)
 t - an uncursed ring of positive energy
 J - a +6 amulet of reflection (around neck)
 O - a ring of see invisible (right hand)
 Q - an uncursed ring of fire
Wands
 l - a wand of iceblast (9)
 p - a wand of flame (20)
 r - a wand of polymorph (11)
 s - a wand of acid (20)
 y - a wand of paralysis (8)
 I - a wand of scattershot (11)
Scrolls
 g - 7 scrolls of remove curse
 i - 8 scrolls of teleportation
 j - a scroll of identify
 o - 4 scrolls of enchant armour
 B - 2 scrolls of fog
 G - 7 scrolls of amnesia
 H - 3 scrolls of magic mapping
Potions
 d - 4 potions of might
 e - 3 potions of ambrosia
 h - a potion of curing
 k - a potion of cancellation
 n - a potion of berserk rage
 q - 2 potions of flight
 z - a potion of brilliance
 A - 4 potions of lignification
 C - 2 potions of invisibility
 D - 6 potions of agility
 F - 3 potions of resistance
 P - a potion of mutation
 U - a potion of magic
Miscellaneous
 a - a box of beasts
 Z - a fan of gales
Comestibles
 f - 19 rations


   Skills:
 + Level 11.0 Fighting
 - Level 14.0 Long Blades
   Level 1.7 Polearms
 * Level 4.3 Throwing
 - Level 2.6 Armour
 + Level 15.2 Shields
 - Level 3.9 Hexes
 - Level 9.2 Invocations
 - Level 7.0 Evocations


You had 13 spell levels left.
You knew the following spells:

 Your Spells              Type           Power        Failure   Level  Hunger
a - Confusing Touch       Hex            ###...       56%         1    ##.....

Your spell library contained the following spells:

 Spells                   Type           Power        Failure   Level  Hunger
 Slow                     Hex            ###.....     71%         2    ###....
 Confuse                  Hex            ###.....     91%         3    ####...
 Flame Tongue             Conj/Fire      #....        98%         1    ##.....
 Magic Dart               Conj           #...         98%         1    ##.....
 Blink                    Tloc           N/A          99%         2    ###....
 Call Imp                 Summ           #.......     99%         2    ###....
 Throw Flame              Conj/Fire      #.....       99%         2    ###....
 Inner Flame              Hex/Fire       #.......     99%         3    ####...
 Conjure Flame            Conj/Fire      #.......     100%        3    ####...
 Gell's Gravitas          Tloc           #.........   100%        3    ####...
 Mephitic Cloud           Conj/Pois/Air  #.......     100%        3    ####...
 Petrify                  Tmut/Erth      #.......     100%        4    #####..
 Sticky Flame             Conj/Fire      #.......     100%        4    #####..
 Fireball                 Conj/Fire      #.........   100%        5    ######.
 Metabolic Englaciation   Hex/Ice        #.........   100%        5    ######.
 Yara's Violent Unravell  Hex/Tmut       #.........   100%        5    ######.


Dungeon Overview and Level Annotations

Branches:
Dungeon (8/15)             Temple (0/1) D:5            Lair (6/6) D:8
  Swamp (0/4) Lair:2       Spider (4/4) Lair:3        Slime (0/5) Lair:6

Altars:
Ashenzari
Cheibriados
Hepliaklqana
Kikubaaqudgha
Makhleb
Okawaru
Trog
Uskayaw
Wu Jian
Zin
The Shining One

Shops:
D:5 =


Innate Abilities, Weirdness & Mutations

You have claws for feet.
You are mostly covered in large bone plates. (SH +6)
You are slightly more attuned to the shadows.
You sometimes gain power by taking damage.
Your magical and physical power is slightly enhanced at high health.
You have an increased reservoir of magic. (+10% MP)
Your muscles are strong. (Str +2)


Message History

There is a stone staircase leading down here.
Unknown command.
Okay, then.
Press: ? - help, v - describe, . - travel
Here: a moth of wrath The floor.
Okay, then.
You fail to use your ability.
You feel sick. You block the wolf spider's attack.
The wolf spider bites you but does no damage.
You block the wolf spider's attack.
The wolf spider bites you but does no damage.
The tarantella bites you! The wolf spider hits you!!
* * * LOW HITPOINT WARNING * * *
You block the wolf spider's attack. x2; The wolf spider bites you!
* * * LOW HITPOINT WARNING * * *
The wolf spider hits you!
* * * LOW HITPOINT WARNING * * *
The wolf spider bites you!
You die...

##..#....†#.^^^##
#..^#.....#.....###
#.......####....#.#
###.....#..##.....###
##.....#...#....##.. ###
###......#.^.....##...
####.###.##.....#^......#....
###.#..#....##s...#...........#
###......#..^..y@..^#............
.##...........#sss..#.^#########.
..#........#..##..........##...≈≈
..#......###..#...........#...##.
..≈#.......^#.#..................
...≈........#....................
...##......###..#..^...##..#.....
....#.#....#...........^#..#.....
......#....#..^...#...#≈≈.##...#.


You could see 3 wolf spiders, a moth of wrath and a tarantella (berserk).

Vanquished Creatures
  Arachne (Spider:3)
  Asterion (Spider:4)
  Donald (Spider:3)
  An emperor scorpion (Spider:2)
  4 entropy weavers
  Snorg (Lair:4)
  A fire dragon (Lair:6)
  6 hydras
  3 lindwurms
  13 orb spiders
  18 wolf spiders
  A toenail golem (Volcano)
  8 black mambas
  6 elephants
  14 spiny frogs
  5 molten gargoyles
  6 komodo dragons
  A rime drake (Lair:1)
  3 efreet (Volcano)
  13 demonic crawlers
  A tyrant leech (Lair:2)
  A polar bear (Lair:3)
  23 jumping spiders
  2 slime creatures (Lair:6)
  Grinder (D:6)
  14 blink frogs
  7 hippogriffs
  18 tarantellas
  Sigmund (D:3)
  5 wyverns
  48 redbacks
  27 yaks
  Eustachio (D:6)
  A hungry ghost (D:7)
  7 basilisks
  8 fire elementals
  2 swamp worms (Lair:2)
  Menkaure (D:6)
  Edmund (D:4)
  3 hell hounds (Lair:6)
  17 porcupines
  6 water moccasins
  2 black bears (D:8)
  An orc warrior (D:7)
  2 ice beasts
  4 phantoms
  3 sky beasts
  2 necrophages (D:6)
  An ogre (D:7)
  47 wolves
  4 centaurs
  7 crocodiles
  A big kobold (D:7)
  An elf zombie (Ossuary)
  Blork the orc (D:6)
  8 bullfrogs
  3 earth elementals (Volcano)
  4 scorpions
  5 wights (D:8)
  2 electric eels (Lair:5)
  2 howler monkeys (D:8)
  3 crimson imps
  3 centaur zombies (Ossuary)
  6 lava snakes
  2 bullfrog skeletons
  6 hounds
  A human zombie (Ossuary)
  2 jellies (Lair:6)
  A centaur skeleton (D:8)
  Ijyb (D:3)
  Natasha (twice) (D:3)
  2 iguanas
  7 orc wizards
  3 worker ants
  A killer bee zombie (D:8)
  A hound skeleton (D:6)
  2 mummies (Ossuary)
  A worker ant zombie (D:7)
  Robin (D:3)
  2 gnolls (D:2)
  5 adders
  An ooze (D:4)
  An adder zombie (Ossuary)
  3 adder skeletons
  4 worms
  2 dart slugs
  4 leopard geckos
  11 orcs
  3 giant cockroaches
  7 hobgoblins
  12 jackals
  3 quokkas
  3 ball pythons
  5 bats
  16 goblins
  11 hobgoblin zombies (Ossuary)
  A jackal zombie (Ossuary)
  6 kobolds
  11 kobold zombies (Ossuary)
  6 orc zombies (Ossuary)
  3 rats
  A rat zombie (Ossuary)
568 creatures vanquished.

Vanquished Creatures (others)
  A redback (Spider:4)
  A hell hound (Lair:6)
  4 centaurs (Lair:6)
  A bush (Lair:2)
  11 fungi
18 creatures vanquished.

Grand Total: 586 creatures vanquished

Notes
Turn   | Place    | Note
-------+----------+-------------------------------------------
     0 | D:1      | jeroenos the Demonspawn Fighter began the quest for the
                  | Orb.
     0 | D:1      | Reached XP level 1. HP: 18/18 MP: 1/1
   151 | D:1      | Reached skill level 3 in Shields
   184 | D:1      | Gained mutation: You have sharp toenails. [demonic
                  | ancestry]
   184 | D:1      | Reached XP level 2. HP: 18/24 MP: 2/2
   984 | D:2      | Reached XP level 3. HP: 19/29 MP: 3/3
  1103 | D:2      | Found a shattered altar of Ashenzari.
  1508 | D:2      | Reached skill level 4 in Shields
  2070 | D:3      | Noticed Ijyb
  2084 | D:3      | Killed Ijyb
  2084 | D:3      | Gained mutation: You sometimes gain a little power by
                  | taking damage. [demonic ancestry]
  2084 | D:3      | Reached XP level 4. HP: 10/35 MP: 4/4
  2429 | D:3      | Noticed Natasha
  2448 | D:3      | Killed Natasha
  2448 | D:3      | Reached skill level 5 in Shields
  2620 | D:3      | Noticed Natasha
  2625 | D:3      | Killed Natasha
  2625 | D:3      | Reached XP level 5. HP: 32/41 MP: 5/5
  2770 | D:3      | Noticed Robin
  2772 | D:3      | Noticed Sigmund
  2799 | D:3      | Killed Sigmund
  2799 | D:3      | Reached skill level 6 in Shields
  2799 | D:3      | Gained mutation: You have razor-sharp toenails. [demonic
                  | ancestry]
  2799 | D:3      | Reached XP level 6. HP: 3/47 MP: 6/6
  2809 | D:3      | Killed Robin
  3201 | D:4      | Found an iron altar of Okawaru.
  3209 | D:4      | Reached skill level 7 in Shields
  3268 | D:4      | Became a worshipper of Warmaster Okawaru
  3338 | D:4      | Found an ancient bone altar of Kikubaaqudgha.
  3445 | D:4      | Noticed Edmund
  3457 | D:4      | Killed Edmund
  3457 | D:4      | Gained mutation: You are partially covered in large bone
                  | plates. (SH +4) [demonic ancestry]
  3457 | D:4      | Reached XP level 7. HP: 32/52 MP: 7/7
  3836 | D:5      | Entered Level 5 of the Dungeon
  3839 | D:5      | Reached skill level 8 in Shields
  3848 | D:5      | Found Tanyts's Jewellery Shoppe.
  3851 | D:5      | Bought a cursed ring of teleportation for 54 gold pieces
  3896 | D:5      | Reached * piety under Okawaru
  3921 | D:5      | Found a glowing golden altar of the Shining One.
  3998 | D:5      | Found a hide-covered altar of Uskayaw.
  4181 | D:5      | Got a distressingly furry chain mail
  4192 | D:5      | Identified the cursed +0 chain mail of Cheibriados's Esteem
                  | {rElec Int+2 Dex+4} (You found it on level 5 of the
                  | Dungeon)
  4314 | D:5      | Found a snail-covered altar of Cheibriados.
  4364 | D:5      | Found a staircase to the Ecumenical Temple.
  4388 | D:5      | Learned a level 1 spell: Confusing Touch
  4488 | D:5      | Found a hazy altar of Hepliaklqana.
  5189 | D:6      | Reached skill level 9 in Shields
  5189 | D:6      | Reached skill level 1 in Hexes
  5189 | D:6      | Reached XP level 8. HP: 48/58 MP: 8/8
  5241 | D:6      | Got a translucent long sword
  5242 | D:6      | Identified the +10 long sword of Watchfulness {flame, Str+2
                  | Int+3} (You found it on level 6 of the Dungeon)
  5292 | D:6      | Found a burning altar of Makhleb.
  5300 | D:6      | Reached skill level 1 in Long Blades
  5364 | D:6      | Noticed Blork the orc
  5368 | D:6      | Killed Blork the orc
  5520 | D:6      | Noticed Menkaure
  5538 | D:6      | Killed Menkaure
  5538 | D:6      | Reached ** piety under Okawaru
  5555 | D:6      | Noticed Grinder
  5558 | D:6      | Noticed Eustachio
  5558 | D:6      | Paralysed by Grinder for 4 turns
  5572 | D:6      | Killed Eustachio
  5574 | D:6      | Killed Grinder
  5758 | D:6      | Reached skill level 5 in Long Blades
  5926 | D:7      | Gained mutation: You are slightly more attuned to the
                  | shadows. [demonic ancestry]
  5926 | D:7      | Reached XP level 9. HP: 63/63 MP: 9/9
  6021 | D:7      | Reached *** piety under Okawaru
  6187 | D:7      | Got a faintly glowing quarterstaff
  6188 | D:7      | Identified the +7 quarterstaff of Equivalence {flame,
                  | Str+4} (You found it on level 7 of the Dungeon)
  6574 | D:7      | Reached **** piety under Okawaru
  6709 | D:8      | Found a staircase to the Lair.
  6716 | D:8      | Gained mutation: You are mostly covered in large bone
                  | plates. (SH +6) [demonic ancestry]
  6716 | D:8      | Reached XP level 10. HP: 64/70 MP: 10/10
  6733 | D:8      | Found a glowing silver altar of Zin.
  6734 | D:8      | Found an ornate altar of the Wu Jian Council.
  6749 | D:8      | Found a sand-covered staircase.
  6754 | Ossuary  | Entered an ossuary
  6947 | Ossuary  | Identified 2 scrolls of acquirement
  6950 | Ossuary  | Got a twisted large shield
  6961 | Ossuary  | Identified the +2 large shield "Ewup" {rN+ Int+3} (You
                  | acquired it in an ossuary)
  7280 | D:8      | Reached ***** piety under Okawaru
  7299 | D:8      | Reached skill level 10 in Long Blades
  7404 | Lair:1   | Entered Level 1 of the Lair of Beasts
  7540 | Lair:1   | Noticed a spiny frog
  7546 | Lair:1   | Killed a spiny frog
  7672 | Lair:1   | Reached skill level 10 in Shields
  7687 | Lair:1   | Received a gift from Okawaru
  7834 | Lair:1   | Reached XP level 11. HP: 57/78 MP: 11/11
  7895 | Lair:1   | Reached skill level 5 in Fighting
  8238 | Lair:2   | Noticed a six-headed hydra
  8258 | Lair:1   | Killed a two-headed hydra
  8379 | Lair:2   | Noticed a six-headed hydra
  8396 | Lair:2   | Killed a two-headed hydra
  8535 | Lair:2   | Reached skill level 11 in Shields
  8696 | Lair:2   | Received a gift from Okawaru
  9004 | Lair:2   | Noticed a five-headed hydra
  9168 | Lair:1   | Killed a one-headed hydra
  9361 | Lair:2   | Gained mutation: You sometimes gain power by taking damage.
                  | [demonic ancestry]
  9361 | Lair:2   | Reached XP level 12. HP: 89/89 MP: 12/12
  9429 | Lair:2   | Got a fine cloak
  9440 | Lair:2   | Identified the +5 cloak "Boxul" {rElec rN+ Dex-4} (You
                  | acquired it on level 2 of the Lair of Beasts)
  9460 | Lair:2   | Gained mutation: You have an increased reservoir of magic.
                  | (+10% MP) [potion of mutation]
  9460 | Lair:2   | Gained mutation: Your muscles are strong. (Str +2) [potion
                  | of mutation]
  9530 | Lair:2   | Found a staircase to the Swamp.
  9730 | Lair:2   | Got a steaming hand axe
  9731 | Lair:2   | Identified the +10 hand axe "Locaor" {protect, MR+ Dex+3}
                  | (You found it on level 2 of the Lair of Beasts)
 10059 | Lair:3   | Found a hole to the Spider Nest.
 10156 | Lair:3   | Got a pitted steel amulet
 10179 | Lair:3   | Identified the amulet of Ephemeral Luck {Spirit Int+2} (You
                  | found it on level 3 of the Lair of Beasts)
 10206 | Lair:3   | Reached skill level 12 in Shields
 10264 | Lair:3   | Received a gift from Okawaru
 10300 | Lair:3   | Noticed a seven-headed hydra
 10307 | Lair:3   | Killed a three-headed hydra
 10770 | Lair:4   | Noticed Snorg
 10779 | Lair:4   | Killed Snorg
 10779 | Lair:4   | Reached ****** piety under Okawaru
 11452 | Lair:4   | Found a glowing golden altar of the Shining One.
 11732 | Lair:5   | Found a dark tunnel.
 11749 | Volcano  | Entered a volcano
 11953 | Volcano  | Gained mutation: You have claws for feet. [demonic
                  | ancestry]
 11953 | Volcano  | Reached XP level 13. HP: 70/98 MP: 14/14
 12105 | Volcano  | Reached skill level 13 in Shields
 12585 | Lair:5   | Received a gift from Okawaru
 12988 | Lair:6   | Entered Level 6 of the Lair of Beasts
 13472 | Lair:6   | Found a bloodstained altar of Trog.
 13758 | Lair:6   | Noticed a fire dragon
 13994 | Lair:6   | Reached skill level 14 in Shields
 14015 | Lair:6   | Received a gift from Okawaru
 14016 | Lair:6   | Found the +0 Maxwell's etheric cage {RegenMP+ *Contam rElec
                  | MP+4}
 14265 | Lair:6   | Found a staircase to the Slime Pits.
 14533 | Lair:6   | Found a large runed translucent door.
 14544 | Lair:6   | Found a large runed translucent door.
 14571 | Lair:6   | Killed a fire dragon
 14717 | Spider:1 | Entered Level 1 of the Spider Nest
 14779 | Spider:1 | Gained mutation: Your magical and physical power is
                  | slightly enhanced at high health. [demonic ancestry]
 14779 | Spider:1 | Reached XP level 14. HP: 109/109 MP: 15/15
 14785 | Spider:1 | Reached skill level 10 in Fighting
 15911 | Spider:2 | Reached skill level 15 in Shields
 15954 | Spider:2 | Noticed an entropy weaver
 15957 | Spider:2 | Noticed an emperor scorpion
 15967 | Spider:2 | Reached skill level 1 in Invocations
 15978 | Spider:2 | Reached skill level 1 in Evocations
 15981 | Spider:2 | Killed an entropy weaver
 15990 | Spider:2 | Killed an emperor scorpion
 16683 | Spider:3 | Received a gift from Okawaru
 16818 | Spider:3 | Reached skill level 5 in Invocations
 17022 | Spider:3 | Reached skill level 5 in Evocations
 17197 | Spider:3 | Noticed an entropy weaver
 17211 | Spider:3 | Killed an entropy weaver
 17818 | Spider:4 | Entered Level 4 of the Spider Nest
 17822 | Spider:4 | Received a gift from Okawaru
 17835 | Spider:4 | Noticed Asterion
 17841 | Spider:4 | Noticed an Executioner
 17980 | Spider:4 | Noticed Donald
 17989 | Spider:4 | Killed Asterion
 17989 | Spider:4 | Reached XP level 15. HP: 36/117 MP: 19/24
 18320 | Spider:3 | Killed Donald
 18320 | Spider:3 | Reached skill level 1 in Throwing
 18361 | Spider:4 | Noticed Arachne
 18389 | Spider:3 | Killed Arachne
 18938 | Spider:3 | Received a gift from Okawaru
 19829 | Spider:3 | Mangled by a wolf spider

Levels and vault maps discovered:
D:1:      dpeg_arrival_three_smaller_balls, layout_loops_ring, serial_forest,
          infiniplex_forest_end_2, infiniplex_forest_clump_double,
          infiniplex_forest_clump_tiny, infiniplex_forest_lined_4_way,
          infiniplex_forest_end_1, infiniplex_forest_clump_cross,
          infiniplex_forest_clump_diagonal, infiniplex_forest_clump_curved,
          infiniplex_forest_clump_long
D:2:      layout_loops_ring, evilmike_ruin_ashenzari, first_ration,
          minmay_tromino_mix6
D:3:      layout_loops_cross, uniq_robin, uniq_natasha, uniq_sigmund, uniq_ijyb
D:4:      layout_rooms, lemuel_round_altar, kennysheep_okawaru_gauntlet,
          uniq_edmund
D:5:      layout_basic, eat_drink_and_be_merry_uskayaw, kennysheep_slug_shrine,
          overflow_temple_1_default, nicolae_tso_carved_into_rock,
          minmay_temple_entry_waves, serial_shops, nicolae_shop_window_shopping
D:6:      layout_basic, makhleb_blood_cavern_becter, kennysheep_generic_room_13,
          uniq_eustachio, uniq_grinder, uniq_blork_the_orc, uniq_menkaure
D:7:      layout_loops_ring, st_stairs_4, moated_statue,
          hangedman_abyss_or_decor_passed
D:8:      layout_cave_pools, chequers_temple_overflow_statue_of_worship,
          due_lair_maze_entry_diamond, enter_ossuary_5
Lair:1:   layout_roguey
Lair:2:   layout_misc_corridors, minmay_swamp_entry_worms, minivault_19,
          grunt_forest_large_clearings
Lair:3:   layout_hall_layers, spider_nest_entry_web_field,
          minmay_shattered_shrine
Lair:4:   layout_cave_pods, basic_altar, uniq_snorg
Lair:5:   layout_gridlike, enter_volcano_2, chequers_serial_rivers_room_b,
          grunt_megastairs_3
Lair:6:   cheibrodos_lair_end_hotspot, layout_gridlike,
          minmay_slime_entry_pillars, lemuel_centaur_altar
Spider:1: layout_spider_delve, hive_lemuel
Spider:2: layout_spider_delve, drop_trap
Spider:3: layout_spider_delve
Spider:4: grunt_spider_rune_circles, uniq_arachne, uniq_donald, uniq_asterion

Skill      XL: |  1  2  3  4  5  6  7  8  9 10 11 12 13 14 15 |
---------------+----------------------------------------------+-----
Shields        | 3 4 5 6 7 9 10 11 12 14 15 | 15.2
Hexes          | 1 3 |  3.9
Long Blades    | 5 9 10 12 13 14 | 14.0
Fighting       | 4 6 8 9 10 11 | 11.0
Invocations    | 9 |  9.2
Evocations     | 6 7 |  7.0
Throwing       | 4 |  4.3
Polearms       | |  1.7
Armour         | |  2.6

Action                   |  1- 3 |  4- 6 |  7- 9 | 10-12 | 13-15 || total
-------------------------+-------+-------+-------+-------+-------++-------
Melee: Trident           |    96 |   134 |    79 |       |       ||   309
       Kick              |    14 |    35 |    86 |   229 |   341 ||   705
       Staff             |       |       |    34 |       |       ||    34
       Long sword        |       |       |   160 |   549 |   751 ||  1460
Throw: Boomerang         |       |       |       |       |     9 ||     9
 Cast: Confusing Touch   |       |       |       |     1 |       ||     1
Invok: Finesse           |       |       |       |     1 |     5 ||     6
       Heroism           |       |       |       |     1 |     3 ||     4
Evoke: Wand              |       |       |       |     9 |     6 ||    15
  Use: Scroll            |       |     6 |     8 |    18 |    14 ||    46
       Potion            |       |     1 |     1 |     3 |     9 ||    14
  Eat: Chunk             |     1 |     4 |     8 |    12 |     8 ||    33
       Ration            |     1 |       |     1 |     2 |     5 ||     9
Armor: Scale mail        |    20 |    33 |    16 |       |       ||    69
       Chain mail        |       |       |    66 |   111 |   199 ||   376
Dodge: Dodged            |    25 |    42 |    35 |    45 |   104 ||   251
Block: Shield            |    40 |    58 |   175 |    60 |   111 ||   444
       Large shield      |       |       |       |   690 |  1000 ||  1690
       Reflection        |       |       |       |     6 |    28 ||    34
       Rpst.: Long sword |       |       |     4 |    11 |    14 ||    29

Table legend:
 A = Non-vault XP
 B = Vault XP
 C = Vault XP percentage of total XP
 D = Non-vault monster count
 E = Vault monster count
 F = Vault count percentage of total count
                 A         B        C        D         E       F
            +---------+---------+-------+---------+---------+-------
      Total |   83278 |   38835 |  31.8 |     374 |     199 |  34.7
            +---------+---------+-------+---------+---------+-------
        D:1 |      23 |       0 |   0.0 |      13 |       0 |   0.0
        D:2 |      48 |       5 |   9.4 |       9 |       1 |  10.0
        D:3 |      54 |     334 |  86.1 |      13 |      16 |  55.2
        D:4 |     349 |     157 |  31.0 |      14 |       3 |  17.6
        D:5 |     327 |       4 |   1.2 |      11 |       1 |   8.3
        D:6 |     597 |     869 |  59.3 |      15 |       6 |  28.6
        D:7 |    1894 |     211 |  10.0 |      34 |       2 |   5.6
        D:8 |    1116 |     855 |  43.4 |      21 |       7 |  25.0
     Lair:1 |    8288 |     707 |   7.9 |      30 |       6 |  16.7
     Lair:2 |    4033 |    4374 |  52.0 |      15 |      35 |  70.0
     Lair:3 |    2503 |    3395 |  57.6 |       8 |      13 |  61.9
     Lair:4 |    3166 |    1140 |  26.5 |      15 |       1 |   6.2
     Lair:5 |    3490 |    1883 |  35.0 |      21 |       9 |  30.0
     Lair:6 |    9181 |    8824 |  49.0 |      24 |      35 |  59.3
   Spider:1 |    8902 |       0 |   0.0 |      29 |       0 |   0.0
   Spider:2 |    9574 |       0 |   0.0 |      21 |       0 |   0.0
   Spider:3 |   23472 |    7081 |  23.2 |      65 |       5 |   7.1
   Spider:4 |    6261 |    3644 |  36.8 |      16 |       5 |  23.8
    Ossuary |       0 |     352 | 100.0 |       0 |      38 | 100.0
    Volcano |       0 |    5000 | 100.0 |       0 |      16 | 100.0
            +---------+---------+-------+---------+---------+-------
